Map: Tokamak LE

Players

Serral

  • Race: Zerg Zerg
  • Spawn Location: 7:00

FalconsSolar (Solar) - Winner!

  • Race: Zerg Zerg
  • Spawn Location: 1:00

Event: DreamHack Dallas 2025

VOD

Have the link to the VOD?

Description

Time

  • Played on: May 24, 2025, 12:45 p.m.
  • Length: 6:52

All games in this series

Show
View Real Time Build Order
Export as new Build Order

Serral Zerg 

Build Orders: Hatch First 

Get SALT Encoding   

  12  0:00  Drone  
  13  0:07  Drone  
  14  0:15  Extractor  
  14  0:16  Drone  
  15  0:21  Overlord  
  15  0:40  Drone  
  16  0:45  Hatchery  
  16  0:48  Drone  
  16  0:52  Drone  
  16  0:56  Drone  
  18  1:06  Extractor  
  18  1:11  Spawning Pool  
  16  1:14  Drone  
  16  1:17  Drone  
  18  1:26  Drone  
  19  1:37  Drone  
  20  1:47  Drone  
  21  1:57  Queen x2  
  21  1:58  Zergling x2, Overlord  
  26  2:09  Drone  
  26  2:10  Drone, Metabolic Boost  
  28  2:19  Zergling x2  
  28  2:20  Drone  
  30  2:29  Drone  
  31  2:30  Drone  
  31  2:36  Hatchery  
  31  2:40  Drone  
  32  2:47  Baneling Nest  
  32  2:49  Overlord  
  32  2:51  Drone  
  32  2:54  Drone  
  33  3:01  Queen  
  35  3:05  Drone  
  35  3:07  Drone  
  35  3:12  Zergling x4  
  39  3:14  Drone  
  39  3:16  Overlord  
  39  3:19  Zergling x2  
  41  3:22  Zergling x2  
  41  3:23  Drone  
  41  3:26  Drone  
  44  3:33  Drone, Roach Warren  
  44  3:38  Drone x2  
  44  3:40  Drone  
  44  3:41  Drone  
  48  3:43  Drone  
  48  3:47  Overlord  
  49  3:49  Drone  
  49  3:51  Drone  
  49  3:53  Drone  
  51  3:56  Overlord  
  51  3:59  Overlord  
  51  4:01  Drone  
  52  4:12  Roach x3  
  52  4:14  Roach x2  
  62  4:18  Roach x2  
  62  4:20  Roach  
  62  4:22  Extractor  
  67  4:24  Roach  
  67  4:25  Roach  
  67  4:28  Overlord  
  67  4:31  Zergling x4  
  73  4:34  Zergling x2  
  73  4:36  Zergling x2  
  75  4:41  Drone x6  
  75  4:43  Baneling  
  81  4:50  Overlord  
  81  4:51  Drone x2  
  82  4:54  Drone  
  82  4:55  Overlord  
  82  4:58  Lair  
  81  5:02  Drone, Evolution Chamber  
  81  5:07  Drone x3  
  83  5:09  Drone  
  83  5:10  Drone  
  82  5:14  Overlord  
  82  5:17  Overlord  
  82  5:18  Extractor  
  82  5:19  Overlord, Extractor  
  76  5:22  Roach x2  
  76  5:25  Drone x2  
  76  5:28  Drone x2, Zergling x2  
  82  5:32  Roach  
  82  5:33  Extractor  
  82  5:34  Roach  
  86  5:38  Roach  
  88  5:45  Roach  
  90  5:51  Drone x2  
  90  5:52  Drone x3  
  90  5:54  Zergling x4  
  90  5:55  Roach x3  
  90  5:56  Roach  
  105  6:01  Overlord  
  105  6:05  Roach  
  105  6:08  Roach x3  
  105  6:09  Spine Crawler  
  105  6:10  Ravager  
  112  6:12  Spine Crawler, Baneling x4  
  112  6:15  Roach x2  
  115  6:22  Roach x3  
  121  6:30  Roach x4  
Show
View Real Time Build Order
Export as new Build Order

FalconsSolar Zerg - Winner!

Build Orders: Hatch First 

Get SALT Encoding   

  12  0:00  Drone  
  13  0:08  Drone  
  14  0:14  Extractor  
  14  0:15  Drone  
  15  0:21  Overlord  
  15  0:40  Drone  
  16  0:46  Hatchery  
  16  0:48  Drone  
  16  0:52  Drone  
  16  0:56  Drone  
  18  1:06  Extractor  
  17  1:11  Spawning Pool  
  17  1:14  Drone  
  17  1:18  Drone  
  18  1:26  Drone  
  19  1:37  Drone  
  20  1:48  Drone  
  21  1:57  Queen  
  21  1:58  Zergling x2, Queen  
  21  1:59  Overlord  
  26  2:07  Metabolic Boost  
  26  2:09  Drone  
  26  2:11  Drone  
  28  2:19  Zergling x2  
  28  2:21  Drone  
  30  2:33  Hatchery  
  30  2:36  Drone  
  30  2:38  Drone  
  30  2:42  Drone  
  32  2:47  Baneling Nest  
  32  2:48  Drone  
  32  2:52  Overlord  
  32  2:55  Drone  
  33  3:03  Drone x2  
  33  3:05  Drone  
  36  3:11  Zergling x6  
  36  3:12  Drone x2  
  41  3:17  Evolution Chamber  
  41  3:18  Drone  
  41  3:23  Overlord  
  41  3:26  Drone  
  42  3:32  Drone  
  43  3:38  Drone  
  43  3:39  Baneling  
  44  3:43  Drone x6  
  44  3:44  Zerg Missile Weapons Level 1  
  50  3:54  Roach Warren  
  50  3:55  Drone  
  50  3:57  Extractor  
  50  3:58  Queen  
  50  4:01  Overlord  
  51  4:04  Drone  
  51  4:07  Drone  
  53  4:10  Drone x3  
  53  4:14  Drone  
  57  4:17  Overlord  
  57  4:20  Zergling x4  
  57  4:22  Overlord  
  57  4:24  Overlord  
  58  4:28  Extractor  
  57  4:33  Overlord  
  57  4:34  Roach x3  
  57  4:38  Roach  
  65  4:40  Overlord  
  65  4:42  Roach  
  65  4:45  Roach  
  69  4:46  Roach  
  69  4:49  Roach x2  
  69  4:51  Roach  
  77  4:53  Roach  
  77  4:55  Roach  
  77  4:58  Roach  
  81  5:01  Roach  
  81  5:04  Zergling x4  
  85  5:10  Roach x2  
  85  5:11  Zergling x4  
  85  5:13  Roach  
  84  5:15  Roach  
  84  5:18  Roach  
  84  5:20  Zergling x4  
  84  5:25  Roach  
  83  5:29  Queen  
  83  5:33  Roach x2  
  89  5:37  Overlord  
  89  5:41  Roach x2  
  93  5:46  Zergling x8  
  93  5:49  Zergling x2  
  99  5:50  Zergling x2  
  99  5:52  Ravager  
  99  5:53  Zergling x2  
  102  5:57  Zergling x6  
  102  5:59  Ravager  
  102  6:00  Overlord  
  102  6:03  Zergling x2  
  102  6:04  Zergling x2  
  107  6:05  Zergling x4  
  107  6:09  Zergling x2  
  110  6:13  Overlord  
  110  6:15  Ravager  
  110  6:16  Zergling x4  
  113  6:19  Baneling x3  
  113  6:22  Zergling x2  
  111  6:25  Zergling x2  
  111  6:26  Zergling x8  
  111  6:30  Ravager, Roach x2  
  99  6:41  Ravager  
  103  6:47  Ravager  
  103  6:50  Ravager x2  
Tags
 
Add a new tag
Caveats
  • Supply blocks, unpowered buildings, or Contaminate may cause inaccurate times.
  • Supply counts are checked every 10 seconds.